 Dungeon Crawl Stone Soup version 0.30-a0-778-g2ef04afb54 (webtiles) character file.

Game seed: 7919864809955558926

0 theswoord the Chiller (level 1, -3/15 HPs)
             Began as a Naga Ice Elementalist on Feb 15, 2023.
             Slain by a hobgoblin (5 damage)
             ... on level 1 of the Dungeon.
             The game lasted 00:00:06 (159 turns).

theswoord the Chiller (Naga Ice Elementalist)        Turns: 159, Time: 00:00:06

Health: -3/15      AC:  1    Str: 10    XL:     1   Next: 10%
Magic:  2/3        EV:  9    Int: 15    God:
Gold:   0          SH:  0    Dex: 11    Spells: 3/4 levels left

rFire   . . .      SeeInvis +    (no weapon)
rCold   . . .      Faith    .    (no shield)
rNeg    . . .      Spirit   .    a - +0 robe
rPois   +          Reflect  .    (no helmet)
rElec   .          Harm     .    (no cloak)
rCorr   .          Rampage  .    (no gloves)
Will    .....                    (no barding)
Stlth   ++                       (no amulet)
HPRegen 0.22/turn                (no ring)
MPRegen 0.08/turn                (no ring)

@: very slow
A: AC +0, large, see invisible, deformed body, poison resistance, slowness 2,
spit poison 1, naga tail 1
a: Spit Poison


You were on level 1 of the Dungeon.
You visited 1 branch of the dungeon, and saw 1 of its levels.

Inventory:

Armour
 a - a +0 robe (worn)
Potions
 b - a potion of magic
 c - a potion of curing {unknown}


   Skills:
 - Level 1.5 Dodging
 - Level 3.0 Stealth
 + Level 2.0 Spellcasting
 + Level 4.0 Ice Magic


You had 3 spell levels left.
You knew the following spells:

 Your Spells              Type           Power      Damage    Failure   Level
a - Freeze                Ice            52%        1d6       4%          1

Your spell library contained the following spells:

 Spells                   Type           Power      Damage    Failure   Level
 Frozen Ramparts          Ice            26%        1d4       13%         3
 Ozocubu's Armour         Ice            13%        N/A       13%         3
 Summon Ice Beast         Ice/Summ       7%         N/A       67%         4


Dungeon Overview and Level Annotations

Branches:
Dungeon (1/15)

Altars:


Innate Abilities, Weirdness & Mutations

Your serpentine skin is tough. (AC +0)
You have supernaturally acute eyesight. (SInv)
Armour fits poorly on your strangely shaped body.
Your system is resistant to poisons. (rPois)
You cover ground very slowly.
You can spit poison.
You have a snake-like lower body.


Message History

Found an escape hatch in the floor.
A frilled lizard comes into view.
Found a pink potion.
The frilled lizard hisses angrily.
You closely miss the frilled lizard.
The frilled lizard bites you but does no damage.
Aim: a frilled lizard You freeze the frilled lizard.
The frilled lizard seems to slow down.
The frilled lizard completely misses you.
Aim: a frilled lizard (heavily wounded, slow)
You freeze the frilled lizard.
You kill the frilled lizard!
No target in view!
You can't see any susceptible monsters within range! (Use Z to cast anyway.) No target in view!
c - a pink potion A rat and a hobgoblin come into view.
Found 8 gold pieces.
The rat moves out of view.
A hobgoblin is nearby!
A hobgoblin is nearby!
A hobgoblin is nearby!
A dart slug comes into view.
You can't see any susceptible monsters within range! (Use Z to cast anyway.)
You can't see any susceptible monsters within range! (Use Z to cast anyway.)
Found a leather armour.
The rat bites you. x2
You hit the rat but do no damage.
The hobgoblin shouts!
The rat bites you.
You hit the rat but do no damage. The hobgoblin hits you.
* * * LOW HITPOINT WARNING * * *
The rat closely misses you.
You closely miss the rat. The hobgoblin hits you.
* * * LOW HITPOINT WARNING * * *
The rat bites you.
* * * LOW HITPOINT WARNING * * *
Aim: a rat You freeze the rat.
You kill the rat!
The hobgoblin hits you.
You die...

........######
.............
.....^......
...w....... ..........
# ..$.....[ # #.g....#
♣♣###### #@# .♣#....#
#####.## .♣#....###
#......# .♣#...##~♣
#.#..###
..#.#'#~~♣♣#.#.....
..#.#<#~~~♣#.#...##..
..#'###~~~♣#.#.#.#
♣......~~~♣#.#...#
♣.....~~.~~#.##########


You could see a dart slug and a hobgoblin.

Vanquished Creatures
  A frilled lizard (D:1)
  A rat (D:1)
2 creatures vanquished.

Notes
Turn   | Place    | Note
-------+----------+-------------------------------------------
     0 | D:1      | theswoord the Naga Ice Elementalist began the quest for the
                  | Orb.
     0 | D:1      | Reached XP level 1. HP: 15/15 MP: 3/3
   159 | D:1      | Slain by a hobgoblin

Action                     || total
---------------------------++-------
  Melee: Unarmed           ||     4
   Cast: Freeze            ||     3
 Armour: Robe              ||     1
  Dodge: Dodged            ||     2

Levels and vault maps discovered:
D:1:      sevenhm_arrival_forest_fort_small_5, layout_basic
